Red Wings vs Oilers
(R1)
Created - November 13, 2023 at 20:19
Goals
|
| Red Wings |
3 |
1 |
0 |
4 |
| Oilers |
0 |
0 |
1 |
1 |
|
Shots
|
| Red Wings |
11 |
1 |
7 |
19 |
| Oilers |
9 |
9 |
12 |
30 |
|
1st period
1. Red Wings , Dylan Larkin 4 (Alex DeBrincat 4) at 7:27 (PP)
2. Red Wings , Alex DeBrincat 3 (Dylan Larkin 11, Nino Niederreiter 2) at 9:49 (PP)
3. Red Wings , Marko Dano 4 (Roland McKeown 3, T.J. Hensick 4) at 12:29
Penalties :
Jake Gardiner (Det) for Diving (Minor) at 0:15, Mattias Ekholm (Edm) for Hooking (Minor) at 6:58, Cam Barker (Edm) for Interference (Minor) at 8:41, Brady Skjei (Edm) for Delaying the game (Minor) at 12:37, Ryan Nugent-Hopkins (Edm) for Hooking (Minor) at 19:51
2nd period
4. Red Wings , Dylan Larkin 5 (Nino Niederreiter 3, Jordan Eberle 5) at 13:20
Penalties :
Drew Fata (Det) for Roughing (Minor) at 5:35, Dalton Prout (Edm) for Hooking (Minor) at 14:07, Mattias Ekholm (Edm) for Roughing (Minor) at 19:58
3rd period
5. Oilers , Ryan Nugent-Hopkins 3 (Brady Skjei 11, Connor Brown 12) at 4:48
Penalties :
Darnell Nurse (Edm) for Holding (Minor) at 10:45, Brady Skjei (Edm) for Holding (Minor) at 16:44
Goalie Stats
Ilya Samsonov (Det), 29 saves from 30 shots - (0.967), W, 1-4-1, 60:00 minutes
Carter Hart (Edm), 8 saves from 12 shots - (0.667), L, 6-6-0, 33:20 minutes
Mikko Koskinen (Edm), 7 saves from 7 shots - (1.000), 26:40 minutes
Players Stats for Red Wings
Player Name G A P +/- PIM S H SB GA TA FO MP PP MP PK MP
------------------------------------------------------------------------------------
Alex DeBrincat 1 1 2 1 0 2 0 0 1 1 0/2 20:08 8:25 0:00
Brendan Woods 0 0 0 0 0 2 0 0 0 0 0/0 10:37 0:28 1:19
Cam Fowler 0 0 0 0 0 0 0 0 0 0 0/0 22:21 5:19 1:42
Carson Mcmillan 0 0 0 0 0 1 0 0 0 0 0/0 12:11 0:49 2:39
Cody Franson 0 0 0 0 0 0 1 2 0 0 0/0 13:54 0:00 0:00
David Rundblad 0 0 0 1 0 0 1 0 1 2 0/0 15:11 0:00 2:29
Drew Fata 0 0 0 0 2 0 1 2 0 0 0/0 15:19 0:00 1:23
Dylan Larkin 2 1 3 0 0 6 1 2 0 0 10/22 21:22 8:01 0:00
Frans Nielsen 0 0 0 0 0 0 0 0 0 1 0/2 9:34 0:20 0:00
Jake Gardiner 0 0 0 0 2 1 3 1 0 0 0/0 23:26 8:12 0:53
Jamie Arniel 0 0 0 0 0 0 0 0 0 0 4/8 19:07 8:36 2:39
Jordan Eberle 0 1 1 0 0 1 2 1 0 0 0/0 17:52 4:07 0:00
Marcus Kruger 0 0 0 0 0 1 2 0 0 0 0/0 13:01 5:19 0:00
Marko Dano 1 0 1 1 0 2 1 0 0 0 0/1 17:15 4:38 0:00
Nino Niederreiter 0 2 2 0 0 1 0 0 2 0 0/0 21:05 7:57 0:00
Roland McKeown 0 1 1 1 0 0 1 1 0 0 0/0 14:28 0:00 1:29
Ryan O'Reilly 0 0 0 0 0 1 1 1 0 0 0/2 13:22 4:55 0:00
T.J. Hensick 0 1 1 1 0 1 1 1 0 0 7/12 15:47 0:29 1:19
Players Stats for Oilers
Player Name G A P +/- PIM S H SB GA TA FO MP PP MP PK MP
------------------------------------------------------------------------------------
Anton Slepyshev 0 0 0 0 0 0 2 0 0 0 0/0 10:11 0:00 1:11
Artemi Panarin 0 0 0 0 0 5 3 1 0 0 0/0 20:58 2:26 8:05
Brady Skjei 0 1 1 -1 4 0 0 0 0 0 0/0 26:00 2:32 6:34
Cam Barker 0 0 0 0 2 1 1 0 0 0 0/0 20:02 1:26 5:10
Connor Brown 0 1 1 -1 0 5 0 0 0 0 1/1 16:42 2:26 0:00
Connor McDavid 0 0 0 0 0 1 3 0 0 1 12/24 20:53 2:26 8:00
Dalton Prout 0 0 0 0 2 0 0 1 1 0 0/0 18:32 0:00 4:33
Darnell Nurse 0 0 0 -1 2 0 2 1 0 0 0/0 26:34 1:26 7:30
Frederik Gauthier 0 0 0 0 0 0 1 0 0 1 0/0 10:41 0:00 1:41
Jake Virtanen 0 0 0 0 0 0 2 0 1 1 0/0 8:09 0:00 0:00
Leon Draisaitl 0 0 0 -1 0 3 2 0 2 0 0/0 20:42 1:32 4:15
Marcus Pettersson 0 0 0 0 0 1 0 1 0 0 0/0 17:30 2:32 3:15
Mark Jankowski 0 0 0 0 0 2 0 0 0 0 2/2 8:18 0:00 0:09
Mattias Ekholm 0 0 0 0 4 4 0 0 0 0 0/0 11:49 0:00 0:00
Roope Hintz 0 0 0 0 0 1 0 0 0 0 0/0 8:09 0:00 0:00
Ryan Nugent-Hopkins 1 0 1 -1 2 5 1 0 0 1 13/20 20:10 1:32 3:41
Tyler Bertuzzi 0 0 0 0 0 2 3 0 0 0 0/0 10:55 1:32 0:00
Zach Hyman 0 0 0 0 0 0 0 0 0 0 0/2 10:06 0:00 0:00
3 Stars
1 - Dylan Larkin (Det)
2 - Ilya Samsonov (Det)
3 - Alex DeBrincat (Det)
Power Play
Red Wings - 2 on 8 Attempt(s) - 25.00%
Oilers - 0 on 2 Attempt(s) - 0.00%
Penalty Kill
Red Wings - 2 on 2 Attempt(s) - 100.00%
- Score 0 goal in Penalty Kill
Oilers - 6 on 8 Attempt(s) - 75.00%
- Score 0 goal in Penalty Kill
Team Stat
Red Wings - Hits : 15 - Faceoff Wins : 21 - Blocked Shots : 11 - Penalty Minutes : 4
Oilers - Hits : 20 - Faceoff Wins : 28 - Blocked Shots : 4 - Penalty Minutes : 16
Official
Referees : Jean Hebert and Beaudry Halkidis
Linesman : Michel Cormier and Brad Kovachik
Game Notes
Mikko Koskinen enters game at 13:20 of 2nd period
Finance
Level 1 -- Attendance: 6000 (100.00%) -- Ticket Income $600,000
Level 2 -- Attendance: 5000 (100.00%) -- Ticket Income $300,000
Level 3 -- Attendance: 1933 (96.65%) -- Ticket Income $67,655
Level 4 -- Attendance: 3997 (99.93%) -- Ticket Income $99,925
Luxury Box -- Attendance: 1000 (100.00%) -- Ticket Income $200,000
Game was played at the Rodgers Place.
Total Attendance: 17930 (99.61%)
Total Ticket Income: $1,267,580
Other Income: $190,137
Total Income: $1,457,717
Red Wings
5 vs 5 Forward
Center Left Wing Right Wing Time % Phy DF OF
1 Dylan Larkin Nino Niederreiter Jordan Eberle 35 1 2 2
2 T.J. Hensick Alex DeBrincat Marko Dano 35 1 2 2
3 Jamie Arniel Ryan O'Reilly Carson Mcmillan 20 1 2 2
4 Frans Nielsen Brendan Woods Marcus Kruger 10 1 2 2
5 vs 5 Defense
Defense Defense Time % Phy DF OF
1 Drew Fata Jake Gardiner 35 1 2 2
2 Cam Fowler Cody Franson 35 1 2 2
3 David Rundblad Roland McKeown 20 1 2 2
4 David Rundblad Roland McKeown 10 1 2 2
PowerPlay Forward
Center Left Wing Right Wing Time % Phy DF OF
1 Dylan Larkin Alex DeBrincat Nino Niederreiter 60 1 2 2
2 Ryan O'Reilly Marko Dano Jordan Eberle 40 1 2 2
PowerPlay Defense
Defense Defense Time % Phy DF OF
1 Jamie Arniel Jake Gardiner 60 1 2 2
2 Marcus Kruger Cam Fowler 40 1 2 2
Penalty Kill 4 Players Forward
Center Wing Time % Phy DF OF
1 Jamie Arniel Carson Mcmillan 60 1 4 0
2 T.J. Hensick Brendan Woods 40 1 4 0
Penalty Kill 4 Players Defense
Defense Defense Time % Phy DF OF
1 Drew Fata David Rundblad 60 1 4 0
2 Roland McKeown Jake Gardiner 40 1 4 0
Penalty Kill - 3 Players Forward
Forward Time % Phy DF OF
1 Carson Mcmillan 60 1 2 2
2 Jamie Arniel 40 1 2 2
Penalty Kill - 3 Players Defense
Defense Defense Time % Phy DF OF
1 Drew Fata David Rundblad 60 1 2 2
2 Jake Gardiner Roland McKeown 40 1 2 2
4 vs 4 Forward
Center Wing Time % Phy DF OF
1 Marko Dano Nino Niederreiter 60 1 2 2
2 Dylan Larkin Alex DeBrincat 40 1 2 2
4 vs 4 Defense
Defense Defense Time % Phy DF OF
1 Drew Fata Jake Gardiner 60 1 2 2
2 David Rundblad Cam Fowler 40 1 2 2
Last Minutes Offensive
Center Left Wing Right Wing Defense Defense
Dylan Larkin Marko Dano Jordan Eberle Jake Gardiner Nino Niederreiter
Last Minutes Defensive
Center Left Wing Right Wing Defense Defense
Jamie Arniel T.J. Hensick Carson Mcmillan Jake Gardiner Drew Fata
Goaltenders
Starting : Ilya Samsonov
Backup : Tyler Weiman
Extra Forwards
Normal : Alex DeBrincat, Jamie Arniel, T.J. Hensick - PP : Jamie Arniel, T.J. Hensick - PK : Nino Niederreiter
Extra Defensemen
Normal : Roland McKeown, David Rundblad, Cam Fowler - PP : Cody Franson - PK : Cam Fowler, Cody Franson
Penalty Shots
Dylan Larkin, Alex DeBrincat, Marko Dano, Carson Mcmillan, Jordan Eberle
Custom OT Lines Forwards
Marko Dano, Nino Niederreiter, Dylan Larkin, Jordan Eberle, Alex DeBrincat, Ryan O'Reilly, Jamie Arniel, T.J. Hensick, Marcus Kruger, Carson Mcmillan
Custom OT Lines Defensemen
Jake Gardiner, Cam Fowler, Drew Fata, David Rundblad, Roland McKeown
Scratches
Alexandre Grenier (Healthy), Jeff Schultz (Healthy)
Oilers
5 vs 5 Forward
Center Left Wing Right Wing Time % Phy DF OF
1 Ryan Nugent-Hopkins Leon Draisaitl Connor Brown 40 1 2 2
2 Connor McDavid Artemi Panarin Zach Hyman 30 1 2 2
3 Frederik Gauthier Anton Slepyshev Tyler Bertuzzi 20 1 2 2
4 Mark Jankowski Roope Hintz Jake Virtanen 10 1 2 2
5 vs 5 Defense
Defense Defense Time % Phy DF OF
1 Brady Skjei Darnell Nurse 40 0 3 2
2 Cam Barker Dalton Prout 30 0 3 2
3 Marcus Pettersson Mattias Ekholm 20 0 3 2
4 Brady Skjei Darnell Nurse 10 0 3 2
PowerPlay Forward
Center Left Wing Right Wing Time % Phy DF OF
1 Connor McDavid Artemi Panarin Connor Brown 60 0 0 5
2 Ryan Nugent-Hopkins Leon Draisaitl Tyler Bertuzzi 40 0 0 5
PowerPlay Defense
Defense Defense Time % Phy DF OF
1 Brady Skjei Marcus Pettersson 60 0 0 5
2 Cam Barker Darnell Nurse 40 0 0 5
Penalty Kill 4 Players Forward
Center Wing Time % Phy DF OF
1 Connor McDavid Artemi Panarin 60 0 4 1
2 Ryan Nugent-Hopkins Leon Draisaitl 40 0 4 1
Penalty Kill 4 Players Defense
Defense Defense Time % Phy DF OF
1 Brady Skjei Darnell Nurse 60 0 5 0
2 Cam Barker Dalton Prout 40 0 5 0
Penalty Kill - 3 Players Forward
Forward Time % Phy DF OF
1 Connor McDavid 60 0 5 0
2 Ryan Nugent-Hopkins 40 0 5 0
Penalty Kill - 3 Players Defense
Defense Defense Time % Phy DF OF
1 Brady Skjei Darnell Nurse 60 0 5 0
2 Cam Barker Dalton Prout 40 0 5 0
4 vs 4 Forward
Center Wing Time % Phy DF OF
1 Connor McDavid Artemi Panarin 60 1 2 2
2 Ryan Nugent-Hopkins Leon Draisaitl 40 1 2 2
4 vs 4 Defense
Defense Defense Time % Phy DF OF
1 Brady Skjei Darnell Nurse 60 1 2 2
2 Cam Barker Dalton Prout 40 1 2 2
Last Minutes Offensive
Center Left Wing Right Wing Defense Defense
Connor McDavid Artemi Panarin Connor Brown Brady Skjei Darnell Nurse
Last Minutes Defensive
Center Left Wing Right Wing Defense Defense
Connor McDavid Artemi Panarin Connor Brown Brady Skjei Darnell Nurse
Goaltenders
Starting : Carter Hart
Backup : Mikko Koskinen
Extra Forwards
Normal : Ryan Nugent-Hopkins, Tyler Bertuzzi, Zach Hyman - PP : Ryan Nugent-Hopkins, Tyler Bertuzzi - PK : Ryan Nugent-Hopkins
Extra Defensemen
Normal : Dalton Prout, Marcus Pettersson, Mattias Ekholm - PP : Dalton Prout - PK : Dalton Prout, Marcus Pettersson
Penalty Shots
Connor McDavid, Artemi Panarin, Connor Brown, Leon Draisaitl, Ryan Nugent-Hopkins
Custom OT Lines Forwards
Connor McDavid, Artemi Panarin, Connor Brown, Leon Draisaitl, Ryan Nugent-Hopkins, Tyler Bertuzzi, Zach Hyman, Frederik Gauthier, Jake Virtanen, Anton Slepyshev
Custom OT Lines Defensemen
Brady Skjei, Darnell Nurse, Cam Barker, Dalton Prout, Marcus Pettersson
Scratches
None
% Time on Ice - Red Wings
Lines # - Real PCT - Wanted PCT - Time Play
Normal Forward
1 - 32% - 35% - 13:41
2 - 29% - 35% - 12:16
3 - 19% - 20% - 7:59
4 - 20% - 10% - 8:35
Normal Defense
1 - 35% - 35% - 15:04
2 - 36% - 35% - 15:06
3 - 22% - 20% - 9:11
4 - 7% - 10% - 3:10
PP Forward
1 - 64% - 60% - 8:35
2 - 36% - 40% - 4:56
PP Defense
1 - 61% - 60% - 8:12
2 - 39% - 40% - 5:19
PK Forward
1 - 67% - 60% - 2:39
2 - 33% - 40% - 1:19
PK Defense
1 - 63% - 60% - 2:29
2 - 37% - 40% - 1:29
PK3 Forward
1 - 0% - 60%
2 - 0% - 40%
PK3 Defense
1 - 0% - 60%
2 - 0% - 40%
44 Forward
1 - 0% - 60%
2 - 0% - 40%
44 Defense
1 - 0% - 60%
2 - 0% - 40%
Last Minute Offensive - 0:00
Last Minute Defensive - 0:00
Total
Forward - 60:00
Defense - 60:00
|
% Time on Ice - Oilers
Lines # - Real PCT - Wanted PCT - Time Play
Normal Forward
1 - 34% - 40% - 14:21
2 - 26% - 30% - 11:04
3 - 21% - 20% - 8:57
4 - 19% - 10% - 8:09
Normal Defense
1 - 43% - 40% - 18:09
2 - 32% - 30% - 13:30
3 - 24% - 20% - 10:21
4 - 1% - 10% - 0:31
PP Forward
1 - 61% - 60% - 2:26
2 - 39% - 40% - 1:32
PP Defense
1 - 64% - 60% - 2:32
2 - 36% - 40% - 1:26
PK Forward
1 - 69% - 60% - 9:16
2 - 31% - 40% - 4:15
PK Defense
1 - 71% - 60% - 9:35
2 - 29% - 40% - 3:56
PK3 Forward
1 - 0% - 60%
2 - 0% - 40%
PK3 Defense
1 - 0% - 60%
2 - 0% - 40%
44 Forward
1 - 0% - 60%
2 - 0% - 40%
44 Defense
1 - 0% - 60%
2 - 0% - 40%
Last Minute Offensive - 0:00
Last Minute Defensive - 0:00
Total
Forward - 60:00
Defense - 60:00
|
Play-by-Play
1st period
0:01 of 1st period - Ryan Nugent-Hopkins wins face-off versus Dylan Larkin in neutral zone.
0:15 of 1st period - Minor Penalty to Jake Gardiner for Diving.
0:16 of 1st period - Jamie Arniel wins face-off versus Connor McDavid in Red Wings zone.
0:31 of 1st period - T.J. Hensick is hit by Artemi Panarin and loses puck.
1:32 of 1st period - Slapshot by Brady Skjei.
1:32 of 1st period - Shot Blocked by Drew Fata.
1:38 of 1st period - Wrist shot by Connor Brown.
1:38 of 1st period - Stopped by Ilya Samsonov without a rebound.
1:39 of 1st period - Ryan Nugent-Hopkins wins face-off versus T.J. Hensick in Red Wings zone.
2:15 of 1st period - Penalty to Jake Gardiner is over, Jake Gardiner is back on ice.
2:19 of 1st period - Off-side.
2:20 of 1st period - Mark Jankowski wins face-off versus Dylan Larkin in neutral zone.
2:28 of 1st period - Cam Barker is hit by Dylan Larkin and loses puck.
2:54 of 1st period - Slapshot by Tyler Bertuzzi.
2:54 of 1st period - Stopped by Ilya Samsonov with a rebound.
2:56 of 1st period - Snap shot by Darnell Nurse.
2:56 of 1st period - Shot Misses the Net.
3:14 of 1st period - Snap shot by Ryan Nugent-Hopkins.
3:14 of 1st period - Shot Misses the Net.
3:16 of 1st period - Snap shot by Ryan Nugent-Hopkins.
3:16 of 1st period - Shot Blocked by Cody Franson.
3:18 of 1st period - Snap shot by Connor Brown.
3:18 of 1st period - Stopped by Ilya Samsonov with a rebound.
4:02 of 1st period - Ryan Nugent-Hopkins is hit by Cody Franson and loses puck.
4:06 of 1st period - Icing by Ryan Nugent-Hopkins.
4:07 of 1st period - Jamie Arniel wins face-off versus Ryan Nugent-Hopkins in Oilers zone.
4:39 of 1st period - Slapshot by Jake Gardiner.
4:39 of 1st period - Deflect By Ryan O'Reilly.
4:39 of 1st period - Stopped by Carter Hart with a rebound.
4:51 of 1st period - Snap shot by Carson Mcmillan.
4:51 of 1st period - Stopped by Carter Hart without a rebound.
4:52 of 1st period - Ryan Nugent-Hopkins wins face-off versus Alex DeBrincat in Oilers zone.
4:59 of 1st period - Slapshot by Leon Draisaitl.
4:59 of 1st period - Stopped by Ilya Samsonov without a rebound.
5:00 of 1st period - T.J. Hensick wins face-off versus Ryan Nugent-Hopkins in Red Wings zone.
5:13 of 1st period - Wrist shot by Brady Skjei.
5:13 of 1st period - Shot Blocked by T.J. Hensick.
5:15 of 1st period - Slapshot by Brady Skjei.
5:15 of 1st period - Shot Misses the Net.
5:17 of 1st period - Wrist shot by Leon Draisaitl.
5:17 of 1st period - Stopped by Ilya Samsonov with a rebound.
5:19 of 1st period - Slapshot by Ryan Nugent-Hopkins.
5:19 of 1st period - Shot Misses the Net.
5:29 of 1st period - Snap shot by Leon Draisaitl.
5:29 of 1st period - Deflect By Ryan Nugent-Hopkins.
5:29 of 1st period - Shot Misses the Net.
5:29 of 1st period - Puck is out of play.
5:30 of 1st period - Connor McDavid wins face-off versus Dylan Larkin in Red Wings zone.
5:57 of 1st period - Nino Niederreiter is hit by Jake Virtanen and loses puck.
6:44 of 1st period - Marcus Kruger is hit by Tyler Bertuzzi.
6:58 of 1st period - Minor Penalty to Mattias Ekholm for Hooking.
6:59 of 1st period - Connor McDavid wins face-off versus Dylan Larkin in Oilers zone.
7:10 of 1st period - Snap shot by Dylan Larkin.
7:10 of 1st period - Stopped by Carter Hart with a rebound.
7:19 of 1st period - Icing by Alex DeBrincat.
7:20 of 1st period - Dylan Larkin wins face-off versus Connor McDavid in Red Wings zone.
7:27 of 1st period - Snap shot by Dylan Larkin.
7:27 of 1st period - Goal by Dylan Larkin - Red Wings : 1 - Oilers : 0.
7:28 of 1st period - T.J. Hensick wins face-off versus Connor McDavid in neutral zone.
7:58 of 1st period - Snap shot by Ryan Nugent-Hopkins.
7:58 of 1st period - Shot Blocked by Jordan Eberle.
8:00 of 1st period - Slapshot by Brady Skjei.
8:00 of 1st period - Shot Misses the Net.
8:02 of 1st period - Wrist shot by Connor Brown.
8:02 of 1st period - Stopped by Ilya Samsonov with a rebound.
8:04 of 1st period - Wrist shot by Leon Draisaitl.
8:04 of 1st period - Deflect By Ryan Nugent-Hopkins.
8:04 of 1st period - Stopped by Ilya Samsonov with a rebound.
8:22 of 1st period - Snap shot by Jordan Eberle.
8:22 of 1st period - Stopped by Carter Hart with a rebound.
8:41 of 1st period - Minor Penalty to Cam Barker for Interference.
8:42 of 1st period - Dylan Larkin wins face-off versus Connor McDavid in Oilers zone.
8:57 of 1st period - Wrist shot by Dylan Larkin.
8:57 of 1st period - Deflect By Connor McDavid.
8:57 of 1st period - Shot Misses the Net.
8:57 of 1st period - Puck is out of play.
8:58 of 1st period - Dylan Larkin wins face-off versus Connor McDavid in Oilers zone.
9:05 of 1st period - Snap shot by Alex DeBrincat.
9:05 of 1st period - Stopped by Carter Hart without a rebound.
9:06 of 1st period - Dylan Larkin wins face-off versus Connor McDavid in Oilers zone.
9:47 of 1st period - Wrist shot by Alex DeBrincat.
9:47 of 1st period - Shot Misses the Net.
9:49 of 1st period - Snap shot by Alex DeBrincat.
9:49 of 1st period - Goal by Alex DeBrincat - Red Wings : 2 - Oilers : 0.
9:50 of 1st period - Ryan Nugent-Hopkins wins face-off versus Frans Nielsen in neutral zone.
9:59 of 1st period - Wrist shot by Leon Draisaitl.
9:59 of 1st period - Shot Misses the Net.
10:40 of 1st period - Anton Slepyshev is hit by Jake Gardiner.
10:44 of 1st period - Slapshot by Cam Barker.
10:44 of 1st period - Stopped by Ilya Samsonov with a rebound.
10:46 of 1st period - Slapshot by Mattias Ekholm.
10:46 of 1st period - Shot Blocked by Drew Fata.
10:48 of 1st period - Slapshot by Mattias Ekholm.
10:48 of 1st period - Shot Misses the Net.
10:50 of 1st period - Slapshot by Marcus Pettersson.
10:50 of 1st period - Stopped by Ilya Samsonov without a rebound.
10:51 of 1st period - T.J. Hensick wins face-off versus Ryan Nugent-Hopkins in Red Wings zone.
12:25 of 1st period - Snap shot by Marko Dano.
12:25 of 1st period - Shot Blocked by Darnell Nurse.
12:27 of 1st period - Wrist shot by T.J. Hensick.
12:27 of 1st period - Shot Misses the Net.
12:29 of 1st period - Slapshot by Roland McKeown.
12:29 of 1st period - Deflect By Marko Dano.
12:29 of 1st period - Goal by Marko Dano - Red Wings : 3 - Oilers : 0.
12:30 of 1st period - Dylan Larkin wins face-off versus Zach Hyman in neutral zone.
12:35 of 1st period - Slapshot by Jordan Eberle.
12:35 of 1st period - Shot Hit the Post.
12:37 of 1st period - Minor Penalty to Brady Skjei for Delaying the game.
12:38 of 1st period - Connor McDavid wins face-off versus Dylan Larkin in Oilers zone.
14:29 of 1st period - Wrist shot by Dylan Larkin.
14:29 of 1st period - Stopped by Carter Hart without a rebound.
14:30 of 1st period - Connor McDavid wins face-off versus Ryan O'Reilly in Oilers zone.
14:37 of 1st period - Penalty to Brady Skjei is over, Brady Skjei is back on ice.
14:43 of 1st period - Connor McDavid is hit by Marcus Kruger and loses puck.
15:06 of 1st period - Snap shot by T.J. Hensick.
15:06 of 1st period - Stopped by Carter Hart with a rebound.
15:24 of 1st period - Frans Nielsen is hit by Leon Draisaitl and loses puck.
16:58 of 1st period - Frederik Gauthier is hit by Marko Dano.
17:16 of 1st period - Marko Dano is hit by Connor McDavid and loses puck.
17:35 of 1st period - Alex DeBrincat is hit by Leon Draisaitl and loses puck.
18:19 of 1st period - Drew Fata is hit by Darnell Nurse and loses puck.
19:06 of 1st period - Marko Dano is hit by Anton Slepyshev.
19:09 of 1st period - Off-side.
19:10 of 1st period - Ryan Nugent-Hopkins wins face-off versus Jamie Arniel in neutral zone.
19:15 of 1st period - Wrist shot by Connor Brown.
19:15 of 1st period - Shot Misses the Net.
19:42 of 1st period - Off-side.
19:43 of 1st period - Connor Brown wins face-off versus Frans Nielsen in neutral zone.
19:51 of 1st period - Minor Penalty to Ryan Nugent-Hopkins for Hooking.
19:52 of 1st period - Dylan Larkin wins face-off versus Connor McDavid in Oilers zone.
19:53 of 1st period - Snap shot by Nino Niederreiter.
19:53 of 1st period - Shot Misses the Net.
19:55 of 1st period - Slapshot by Jake Gardiner.
19:55 of 1st period - Stopped by Carter Hart without a rebound.
19:56 of 1st period - Connor McDavid wins face-off versus Dylan Larkin in Oilers zone.
Goals for this period are 3 for Red Wings vs 0 for Oilers.
Shots for this period are 11 for Red Wings vs 9 for Oilers.
2nd period
0:01 of 2nd period - Dylan Larkin wins face-off versus Connor McDavid in neutral zone.
1:51 of 2nd period - Penalty to Ryan Nugent-Hopkins is over, Ryan Nugent-Hopkins is back on ice.
2:06 of 2nd period - Marcus Pettersson is hit by T.J. Hensick and loses puck.
3:07 of 2nd period - Ryan O'Reilly is hit by Jake Virtanen and loses puck.
4:23 of 2nd period - Icing by Carson Mcmillan.
4:24 of 2nd period - Ryan Nugent-Hopkins wins face-off versus Jamie Arniel in Red Wings zone.
4:47 of 2nd period - Roland McKeown is hit by Connor McDavid and loses puck.
4:56 of 2nd period - Snap shot by Artemi Panarin.
4:56 of 2nd period - Shot Blocked by Dylan Larkin.
4:58 of 2nd period - Slapshot by Dalton Prout.
4:58 of 2nd period - Deflect By Artemi Panarin.
4:58 of 2nd period - Shot Misses the Net.
4:58 of 2nd period - Puck is out of play.
4:59 of 2nd period - Connor McDavid wins face-off versus T.J. Hensick in Red Wings zone.
5:10 of 2nd period - Snap shot by Artemi Panarin.
5:10 of 2nd period - Stopped by Ilya Samsonov with a rebound.
5:12 of 2nd period - Wrist shot by Connor McDavid.
5:12 of 2nd period - Deflect By Artemi Panarin.
5:12 of 2nd period - Stopped by Ilya Samsonov with a rebound.
5:14 of 2nd period - Slapshot by Cam Barker.
5:14 of 2nd period - Shot Misses the Net.
5:33 of 2nd period - Wrist shot by Leon Draisaitl.
5:33 of 2nd period - Shot Misses the Net.
5:35 of 2nd period - Minor Penalty to Drew Fata for Roughing.
5:36 of 2nd period - Connor McDavid wins face-off versus Jamie Arniel in Red Wings zone.
6:13 of 2nd period - Wrist shot by Ryan Nugent-Hopkins.
6:13 of 2nd period - Stopped by Ilya Samsonov without a rebound.
6:14 of 2nd period - Ryan Nugent-Hopkins wins face-off versus Jamie Arniel in Red Wings zone.
6:15 of 2nd period - Wrist shot by Leon Draisaitl.
6:15 of 2nd period - Shot Misses the Net.
6:17 of 2nd period - Slapshot by Cam Barker.
6:17 of 2nd period - Deflect By Leon Draisaitl.
6:17 of 2nd period - Shot Blocked by Roland McKeown.
6:17 of 2nd period - Puck is out of play.
6:18 of 2nd period - Jamie Arniel wins face-off versus Connor McDavid in Red Wings zone.
7:15 of 2nd period - Cam Fowler is hit by Connor McDavid and loses puck.
7:35 of 2nd period - Penalty to Drew Fata is over, Drew Fata is back on ice.
7:41 of 2nd period - Leon Draisaitl is hit by David Rundblad and loses puck.
8:14 of 2nd period - Tyler Bertuzzi is hit by Roland McKeown and loses puck.
9:37 of 2nd period - Wrist shot by Alex DeBrincat.
9:37 of 2nd period - Shot Misses the Net.
10:03 of 2nd period - Zach Hyman is hit by Marcus Kruger and loses puck.
10:36 of 2nd period - Snap shot by Roope Hintz.
10:36 of 2nd period - Stopped by Ilya Samsonov without a rebound.
10:37 of 2nd period - Mark Jankowski wins face-off versus T.J. Hensick in Red Wings zone.
10:53 of 2nd period - Slapshot by Mark Jankowski.
10:53 of 2nd period - Shot Blocked by Jake Gardiner.
11:24 of 2nd period - Drew Fata is hit by Artemi Panarin and loses puck.
11:33 of 2nd period - Wrist shot by Artemi Panarin.
11:33 of 2nd period - Stopped by Ilya Samsonov with a rebound.
12:46 of 2nd period - Wrist shot by Dylan Larkin.
12:46 of 2nd period - Shot Misses the Net.
13:20 of 2nd period - Snap shot by Dylan Larkin.
13:20 of 2nd period - Goal by Dylan Larkin - Red Wings : 4 - Oilers : 0.
13:20 of 2nd period - Mikko Koskinen enters game.
13:21 of 2nd period - T.J. Hensick wins face-off versus Ryan Nugent-Hopkins in neutral zone.
14:07 of 2nd period - Minor Penalty to Dalton Prout for Hooking.
14:08 of 2nd period - Connor McDavid wins face-off versus Ryan O'Reilly in Oilers zone.
15:31 of 2nd period - Cam Fowler is hit by Cam Barker and loses puck.
16:07 of 2nd period - Penalty to Dalton Prout is over, Dalton Prout is back on ice.
16:18 of 2nd period - Slapshot by Mark Jankowski.
16:18 of 2nd period - Shot Misses the Net.
16:20 of 2nd period - Slapshot by Dalton Prout.
16:20 of 2nd period - Shot Misses the Net.
16:22 of 2nd period - Slapshot by Mattias Ekholm.
16:22 of 2nd period - Stopped by Ilya Samsonov with a rebound.
16:50 of 2nd period - Snap shot by Anton Slepyshev.
16:50 of 2nd period - Shot Misses the Net.
16:52 of 2nd period - Slapshot by Mattias Ekholm.
16:52 of 2nd period - Stopped by Ilya Samsonov with a rebound.
17:30 of 2nd period - Slapshot by Brady Skjei.
17:30 of 2nd period - Shot Misses the Net.
17:32 of 2nd period - Wrist shot by Ryan Nugent-Hopkins.
17:32 of 2nd period - Stopped by Ilya Samsonov with a rebound.
18:06 of 2nd period - Jake Gardiner is hit by Artemi Panarin and loses puck.
18:39 of 2nd period - David Rundblad is hit by Tyler Bertuzzi and loses puck.
19:36 of 2nd period - Snap shot by Roope Hintz.
19:36 of 2nd period - Shot Blocked by Dylan Larkin.
19:38 of 2nd period - Wrist shot by Mark Jankowski.
19:38 of 2nd period - Stopped by Ilya Samsonov without a rebound.
19:39 of 2nd period - Jamie Arniel wins face-off versus Ryan Nugent-Hopkins in Red Wings zone.
19:58 of 2nd period - Minor Penalty to Mattias Ekholm for Roughing.
19:59 of 2nd period - Connor McDavid wins face-off versus Dylan Larkin in Oilers zone.
Goals for this period are 1 for Red Wings vs 0 for Oilers.
Shots for this period are 1 for Red Wings vs 9 for Oilers.
3rd period
0:01 of 3rd period - Dylan Larkin wins face-off versus Connor McDavid in neutral zone.
0:04 of 3rd period - Artemi Panarin is hit by Jake Gardiner and loses puck.
1:16 of 3rd period - Jordan Eberle is hit by Ryan Nugent-Hopkins and loses puck.
1:26 of 3rd period - Icing by Cam Fowler.
1:27 of 3rd period - Connor McDavid wins face-off versus Dylan Larkin in Red Wings zone.
1:58 of 3rd period - Penalty to Mattias Ekholm is over, Mattias Ekholm is back on ice.
2:28 of 3rd period - Frederik Gauthier is hit by Jordan Eberle and loses puck.
3:03 of 3rd period - Snap shot by Brendan Woods.
3:03 of 3rd period - Stopped by Mikko Koskinen with a rebound.
3:39 of 3rd period - Wrist shot by Jordan Eberle.
3:39 of 3rd period - Shot Misses the Net.
3:41 of 3rd period - Snap shot by Nino Niederreiter.
3:41 of 3rd period - Stopped by Mikko Koskinen without a rebound.
3:42 of 3rd period - Ryan Nugent-Hopkins wins face-off versus Dylan Larkin in Oilers zone.
3:53 of 3rd period - Wrist shot by Dylan Larkin.
3:53 of 3rd period - Shot Blocked by Marcus Pettersson.
4:13 of 3rd period - Snap shot by Marko Dano.
4:13 of 3rd period - Stopped by Mikko Koskinen without a rebound.
4:14 of 3rd period - T.J. Hensick wins face-off versus Connor McDavid in Oilers zone.
4:29 of 3rd period - Snap shot by Artemi Panarin.
4:29 of 3rd period - Stopped by Ilya Samsonov with a rebound.
4:46 of 3rd period - Slapshot by Brady Skjei.
4:46 of 3rd period - Shot Misses the Net.
4:48 of 3rd period - Snap shot by Ryan Nugent-Hopkins.
4:48 of 3rd period - Goal by Ryan Nugent-Hopkins - Red Wings : 4 - Oilers : 1.
4:49 of 3rd period - T.J. Hensick wins face-off versus Ryan Nugent-Hopkins in neutral zone.
5:41 of 3rd period - Wrist shot by Marcus Kruger.
5:41 of 3rd period - Shot Misses the Net.
5:43 of 3rd period - Backhand shot by Brendan Woods.
5:43 of 3rd period - Stopped by Mikko Koskinen with a rebound.
5:45 of 3rd period - Wrist shot by Drew Fata.
5:45 of 3rd period - Shot Misses the Net.
5:53 of 3rd period - Snap shot by Marcus Kruger.
5:53 of 3rd period - Stopped by Mikko Koskinen without a rebound.
5:54 of 3rd period - Ryan Nugent-Hopkins wins face-off versus T.J. Hensick in Oilers zone.
6:26 of 3rd period - Snap shot by Nino Niederreiter.
6:26 of 3rd period - Deflect By Jordan Eberle.
6:26 of 3rd period - Shot Blocked by Dalton Prout.
6:26 of 3rd period - Puck is out of play.
6:27 of 3rd period - Dylan Larkin wins face-off versus Zach Hyman in Oilers zone.
6:44 of 3rd period - Snap shot by Connor McDavid.
6:44 of 3rd period - Stopped by Ilya Samsonov with a rebound.
7:39 of 3rd period - Wrist shot by Artemi Panarin.
7:39 of 3rd period - Stopped by Ilya Samsonov with a rebound.
8:35 of 3rd period - Wrist shot by Mark Jankowski.
8:35 of 3rd period - Stopped by Ilya Samsonov without a rebound.
8:36 of 3rd period - Ryan Nugent-Hopkins wins face-off versus Dylan Larkin in Red Wings zone.
8:43 of 3rd period - Slapshot by Connor Brown.
8:43 of 3rd period - Stopped by Ilya Samsonov with a rebound.
8:45 of 3rd period - Slapshot by Mattias Ekholm.
8:45 of 3rd period - Deflect By David Rundblad.
8:45 of 3rd period - Stopped by Ilya Samsonov with a rebound.
8:47 of 3rd period - Slapshot by Leon Draisaitl.
8:47 of 3rd period - Shot Misses the Net.
8:49 of 3rd period - Slapshot by Mattias Ekholm.
8:49 of 3rd period - Deflect By Nino Niederreiter.
8:49 of 3rd period - Stopped by Ilya Samsonov without a rebound.
8:50 of 3rd period - Ryan Nugent-Hopkins wins face-off versus T.J. Hensick in Red Wings zone.
8:53 of 3rd period - Snap shot by Connor Brown.
8:53 of 3rd period - Stopped by Ilya Samsonov with a rebound.
8:55 of 3rd period - Backhand shot by Brady Skjei.
8:55 of 3rd period - Shot Blocked by Cody Franson.
8:57 of 3rd period - Snap shot by Ryan Nugent-Hopkins.
8:57 of 3rd period - Deflect By T.J. Hensick.
8:57 of 3rd period - Stopped by Ilya Samsonov without a rebound.
8:58 of 3rd period - Ryan Nugent-Hopkins wins face-off versus Alex DeBrincat in Red Wings zone.
9:01 of 3rd period - Slapshot by Leon Draisaitl.
9:01 of 3rd period - Stopped by Ilya Samsonov without a rebound.
9:02 of 3rd period - Ryan Nugent-Hopkins wins face-off versus Marko Dano in Red Wings zone.
9:38 of 3rd period - Slapshot by Dylan Larkin.
9:38 of 3rd period - Stopped by Mikko Koskinen with a rebound.
10:00 of 3rd period - Wrist shot by Tyler Bertuzzi.
10:00 of 3rd period - Stopped by Ilya Samsonov without a rebound.
10:01 of 3rd period - T.J. Hensick wins face-off versus Ryan Nugent-Hopkins in Red Wings zone.
10:06 of 3rd period - Wrist shot by Marko Dano.
10:06 of 3rd period - Shot Misses the Net.
10:33 of 3rd period - Slapshot by Dylan Larkin.
10:33 of 3rd period - Shot Blocked by Artemi Panarin.
10:45 of 3rd period - Minor Penalty to Darnell Nurse for Holding.
10:46 of 3rd period - Dylan Larkin wins face-off versus Connor McDavid in Oilers zone.
10:57 of 3rd period - Wrist shot by Dylan Larkin.
10:57 of 3rd period - Stopped by Mikko Koskinen without a rebound.
10:58 of 3rd period - Connor McDavid wins face-off versus Dylan Larkin in Oilers zone.
10:58 of 3rd period - Connor McDavid is hit by Jake Gardiner.
11:10 of 3rd period - Slapshot by Jamie Arniel.
11:10 of 3rd period - Shot Misses the Net.
12:37 of 3rd period - Slapshot by Artemi Panarin.
12:37 of 3rd period - Shot Blocked by Ryan O'Reilly.
12:45 of 3rd period - Penalty to Darnell Nurse is over, Darnell Nurse is back on ice.
14:11 of 3rd period - Drew Fata is hit by Darnell Nurse and loses puck.
16:17 of 3rd period - Frederik Gauthier is hit by Drew Fata and loses puck.
16:26 of 3rd period - T.J. Hensick is hit by Tyler Bertuzzi.
16:44 of 3rd period - Minor Penalty to Brady Skjei for Holding.
16:45 of 3rd period - Connor McDavid wins face-off versus Dylan Larkin in Oilers zone.
17:15 of 3rd period - Marcus Pettersson is hit by Jordan Eberle and loses puck.
17:51 of 3rd period - Dalton Prout is hit by Ryan O'Reilly and loses puck.
18:25 of 3rd period - Ryan O'Reilly is hit by Frederik Gauthier and loses puck.
18:44 of 3rd period - Penalty to Brady Skjei is over, Brady Skjei is back on ice.
19:24 of 3rd period - Alex DeBrincat is hit by Anton Slepyshev and loses puck.
Goals for this period are 0 for Red Wings vs 1 for Oilers.
Shots for this period are 7 for Red Wings vs 12 for Oilers.